 Dungeon Crawl Stone Soup version 0.31-a0-819-gf6de2f5ab6 (webtiles) character file.

Game seed: 15535850017236339586

11 Shayle the Vexing (level 2, -1/27 HPs)
             Began as an Ogre Hexslinger on Sept 24, 2023.
             Slain by a ball python (2 damage)
             ... on level 3 of the Dungeon.
             The game lasted 00:01:39 (915 turns).

Shayle the Vexing (Ogre Hexslinger)                  Turns: 915, Time: 00:01:40

Health: -1/27      AC:  3    Str: 11    XL:     2   Next: 25%
Magic:  3/3        EV: 10    Int: 14    God:
Gold:   27         SH:  0    Dex: 11    Spells: 3/3 levels left

rFire   . . .        a - +1 sling
rCold   . . .        (no shield)
rNeg    . . .        c - +0 robe
rPois   .            (helmet restricted)
rElec   .            (no cloak)
rCorr   .            (gloves unavailable)
SInv    .            (boots unavailable)
Will    .....        (no amulet)
Stlth   +            (no ring)
HPRegen 0.24/turn    (no ring)
MPRegen 0.08/turn

%: no passive effects
@: no status effects
A: large, unfitting armour, tough skin 1
a: no special abilities


You were on level 3 of the Dungeon.
You visited 1 branch of the dungeon, and saw 3 of its levels.

You collected 47 gold pieces.
You spent 20 gold pieces at shops.

Inventory:

Hand Weapons
 a - a +1 sling (weapon)
Armour
 c - a +0 robe (worn)
Jewellery
 f - a +6 ring of intelligence
Scrolls
 b - a scroll of poison
 e - a scroll of enchant armour {unknown}
 h - a scroll of teleportation {unknown}
 m - a scroll of identify
Potions
 d - 2 potions of brilliance
 i - a potion of enlightenment {unknown}
 j - 2 potions of might {unknown}
 k - a potion of cancellation {unknown}
 l - a potion of resistance {unknown}


   Skills:
 - Level 1.3 Fighting
 - Level 1.3 Ranged Weapons
 - Level 1.7 Dodging
 + Level 1.6 Unarmed Combat
 - Level 1.2 Spellcasting
 - Level 2.6 Hexes
 - Level 0.8 Fire Magic


You had 3 spell levels left.
You didn't know any spells.
Your spell library contained the following spells:

 Spells                   Type           Power      Damage    Failure   Level
 Jinxbite                 Hex            16%        N/A       13%         2
 Sigil of Binding         Hex            8%         N/A       26%         3
 Inner Flame              Hex/Fire       5%         N/A       36%         3
 Cause Fear               Hex            4%         N/A       65%         4
 Dimensional Bullseye     Hex/Tloc       2%         N/A       83%         4
 Animate Dead             Necr           0%         N/A       95%         4
 Haunt                    Necr/Summ      0%         N/A       100%        7
 Infestation              Necr           0%         N/A       100%        8


Dungeon Overview and Level Annotations

Branches:
Dungeon (3/15)

Altars:

Shops:
D:1 :?


Innate Abilities, Weirdness & Mutations

You are too large for most types of armour.
You have tough skin. (AC +1)


Message History

The orc wizard hits you but does no damage.
Unknown command.
You completely miss the ball python. The ball python misses you.
The orc wizard hits you with a +0 dagger.
The ball python bites you but does no damage.
You barely miss the orc wizard.
The orc wizard is moderately wounded.
The ball python closely misses you.
The orc wizard hits you with a +0 dagger.
The orc wizard hits you but does no damage.
The ball python bites you.
You bump into the rock wall.
The ball python bites you.
The orc wizard hits you with a +0 dagger.
You clumsily bash the orc wizard but do no damage.
Your punch misses the orc wizard.
The orc wizard is moderately wounded.
The ball python bites you.
The orc wizard hits you with a +0 dagger.
The ball python bites you but does no damage.
You barely miss the ball python. The orc wizard misses you.
The ball python bites you. The orc wizard barely misses you.
The ball python bites you.
You miss the orc wizard.
The orc wizard is moderately wounded.
You feel less confused. The ball python closely misses you.
The orc wizard casts a spell at you. The puff of flame hits you!
* * * LOW HITPOINT WARNING * * *
Okay, then.
Okay, then.
Okay, then.
Okay, then.
You shoot a sling bullet. The sling bullet hits the orc wizard.
The orc wizard is heavily wounded.
The ball python closely misses you.
The orc wizard hits you with a +0 dagger.
* * * LOW HITPOINT WARNING * * *
The ball python bites you.
You die...

# #
..$.#####.#
#.....@S.#
.$.>...o..#
##.#####.....
..#...# ..#
..# ..# .#
... . #..=


You could see an orc wizard and a ball python.

Vanquished Creatures
  3 bats
  An endoplasm (D:1)
  A goblin (D:1)
  2 hobgoblins
  A frilled lizard (D:2)
  A kobold (D:1)
9 creatures vanquished.

Notes
Turn   | Place    | Note
-------+----------+-------------------------------------------
     0 | D:1      | Shayle the Ogre Hexslinger began the quest for the Orb.
     0 | D:1      | Reached XP level 1. HP: 19/19 MP: 2/2
    22 | D:1      | Found a faded altar of an unknown god.
   163 | D:1      | Found Pien's Magic Scroll Shop.
   177 | D:1      | Found Zuthrul's Book Emporium.
   233 | D:1      | Reached skill level 1 in Unarmed Combat
   418 | D:1      | Reached XP level 2. HP: 27/27 MP: 3/3
   480 | D:1      | You fall into a shaft and drop 1 floor!
   844 | D:1      | Bought a scroll of identify for 20 gold pieces
   915 | D:3      | HP: 1/27 [orc wizard/+0 dagger (2)]
   915 | D:3      | Slain by a ball python

Illustrated notes

Levels and vault maps discovered:
D:1:      lemuel_arrival_broad_hall, layout_loops_ring,
          nicolae_ecumenical_lake_church, serial_shops, shop_fountains, shop,
          minmay_bisected
D:2:      layout_loops_ring, serial_shops, shop, grunt_ministairs_4,
          uniq_terence
D:3:      layout_loops_ring, cheibriados_altar_2

Skill      XL: |  1 |
---------------+----+-----
Unarmed Combat | 1 |  1.6
Fighting       | |  1.3
Ranged Weapons | |  1.3
Dodging        | |  1.7
Spellcasting   | |  1.2
Hexes          | |  2.6
Fire Magic     | |  0.8

Action                     || total
---------------------------++-------
  Melee: Sling             ||     9
   Fire: Sling             ||    37
    Use: Scroll            ||     2
         Potion            ||     2
 Armour: Robe              ||    50
  Dodge: Dodged            ||    22

Table legend: (Time is in decaauts)
 A = Elapsed time spent in this place.
 B = Non-inter-level travel time spent in this place.
 C = Inter-level travel time spent in this place.
 D = Time resting spent in this place.
 E = Time spent auto-exploring this place.
 F = Levels seen in this place.
 G = Mean time per level.
                   A        B        C        D        E       F      G
               +--------+--------+--------+--------+--------+-----+--------+
         Total |    931 |    858 |     73 |      0 |    727 |   3 |  310.3 |
       Dungeon |    931 |    858 |     73 |      0 |    727 |   3 |  310.3 |
               +--------+--------+--------+--------+--------+-----+--------+

Top non-repeatable levels by time:
     D:1: 827 daAuts
     D:2: 87 daAuts
     D:3: 17 daAuts
